 Dungeon Crawl Stone Soup version 0.16.1-17-g773cdaf (webtiles) character file.

85 masdan the Caller (level 4, -1/30 HPs)
             Began as a Mummy Summoner on Apr 23, 2015.
             Was an Initiate of Gozag.
             Shot with an arrow by a centaur (5 damage)
             ... on level 3 of the Dungeon.
             The game lasted 00:35:50 (4857 turns).

masdan the Caller (Mummy Summoner)                  Turns: 4857, Time: 00:35:51

Health: -1/30      AC:  2    Str: 11    XL:     4   Next: 25%
Magic:  4/9        EV: 12    Int: 15    God:    Gozag
Gold:   159        SH:  0    Dex: 12    Spells: 3 memorised, 3 levels left

rFire  x . .     SeeInvis .     o - +0 long sword
rCold  + . .     Clarity  .     A - +0 robe (curse)
rNeg   + + +     SustAb   .     (no shield)
rPois  ∞         Gourm    .     (no helmet)
rElec  .         Spirit   .     (no cloak)
rCorr  .         Warding  .     (no gloves)
rMut   .         Stasis   .     (no boots)
MR     .....                    (no amulet)
Stlth  ++........               (no ring)
                                (no ring)

@: not resistant to hostile enchantments, unstealthy
A: no food or potions, fire vulnerability, restore body, cold resistance 1,
negative energy resistance 3, poison resistance, torment resistance, unbreathing
a: Potion Petition, Call Merchant, Bribe Branch, Renounce Religion


You were on level 3 of the Dungeon.
You worshipped Gozag.
Gozag was noncommittal.
You were not hungry.

You visited 1 branch of the dungeon, and saw 3 of its levels.

You collected 270 gold pieces.
You paid 111 gold pieces to Gozag.

Inventory:

Hand weapons
 e - a +0 dagger
 f - a +0 short sword
 k - a +0 dagger
 o - a +0 long sword (weapon)
 u - a +0 dagger
 x - a +0 club
 y - a +0 club
Missiles
 d - 60 stones
 p - 23 sling bullets (quivered)
Armour
 a - a +0 robe
 c - a +0 robe
 m - a +0 leather armour
 n - a +0 chain mail
 s - a +0 leather armour
 v - a +0 leather armour
 A - a cursed +0 robe (worn)
 C - a +0 robe
Jewellery
 r - an uncursed ring of poison resistance {unknown}
Magical devices
 B - a wand of paralysis (13)
Scrolls
 g - 3 scrolls of recharging {unknown}
 j - 6 scrolls of identify {unknown}
 l - a scroll of random uselessness {unknown}
 q - a scroll of teleportation {unknown}
Potions
 h - a potion of restore abilities {unknown}
 i - a potion of flight {unknown}
 w - a potion of mutation {unknown}
Books
 b - a book of Callings

   Spells                             Type                      Level
   a - Summon Small Mammal            Summoning                    1
   b - Call Imp                       Summoning                    2
   c - Call Canine Familiar           Summoning                    3
   d - Summon Guardian Golem          Hexes/Summoning              4
   e - Summon Lightning Spire         Summoning/Air                4
   f - Summon Ice Beast               Ice/Summoning                4
Comestibles
 t - a slice of pizza
 z - a meat ration


   Skills:
 - Level 1.5 Dodging
 - Level 1.5 Stealth
 * Level 3.1 Spellcasting
 + Level 4.1 Summonings


You had 3 spell levels left.
You knew the following spells:

 Your Spells              Type           Power        Failure   Level  Hunger
a - Summon Small Mammal   Summ           ##..         4%          1    N/A
b - Call Imp              Summ           ##......     8%          2    N/A
c - Call Canine Familiar  Summ           ##......     14%         3    N/A

Dungeon Overview and Level Annotations

Branches:
Dungeon (3/15)

Altars:
Gozag

Annotations:
D:3 EmilioHeskey's ghost, average DrCK


Innate Abilities, Weirdness & Mutations

You do not eat or drink.
Your flesh is vulnerable to fire.
Your flesh is cold resistant.
You are immune to negative energy.
Your system is resistant to poisons.
You are immune to unholy pain and torment.
You can survive without breathing.


Message History

The hobgoblin shouts!
A centaur comes into view.
The centaur shouts!
The hobgoblin misses you.
A hobgoblin comes into view. It is wielding a club.
You closely miss the hobgoblin. EmilioHeskey's ghost hits you!
The hobgoblin hits you but does no damage.
EmilioHeskey's ghost closely misses you.
The hobgoblin hits you.
You slash the hobgoblin!
You kill the hobgoblin!
The centaur wields a shortbow.
The centaur shoots an arrow.
The arrow hits you!
* * * LOW HITPOINT WARNING * * *
The centaur shoots an arrow.
The arrow hits you.
* * * LOW HITPOINT WARNING * * *
EmilioHeskey's ghost is distracted by the nearby gold.
EmilioHeskey's ghost turns its malevolent gaze towards you.
The centaur shoots an arrow.
The arrow hits you.
You die...
Your body crumbles into a pile of gold.

.##.# . .# .# #.. .# .#
..# .# .# #g# .##.# #.#
.##. ###.# .## ..c. $
... #######.#### #..
........$@..# #####.# #
#.# #######(##.#
##.....#. .#
#<##########W# # ##.#
#.# .# #............#
#..#####.#
####.############
#.#........ .....#
###.#####.# ####W# #.#
#.# # #.#
##########.#####.# # #.#
#######.................


You could see a centaur, EmilioHeskey's ghost and a hobgoblin.

Vanquished Creatures
  An adder (D:2)
  A giant gecko (D:3)
  3 bats
  A goblin (D:1)
  A hobgoblin (D:3)
  A ball python (D:1)
  3 kobolds
  3 rats
  A fungus (D:1)
15 creatures vanquished.

Vanquished Creatures (collateral kills)
  A goliath beetle (D:2)
  2 adders (D:2)
  A worm (D:2)
  An ooze (D:1)
  7 bats
  3 giant cockroaches
  9 goblins
  10 hobgoblins
  A jackal (D:2)
  2 quokkas
  3 ball pythons
  4 giant newts
  7 kobolds
  4 rats
55 creatures vanquished.

Vanquished Creatures (others)
  13 hounds
  6 crimson imps
  2 white imps
  A quokka (D:1)
  3 bats (D:1)
  7 rats (D:1)
32 creatures vanquished.

Grand Total: 102 creatures vanquished

Notes
Turn   | Place    | Note
--------------------------------------------------------------
     0 | D:1      | masdan, the Mummy Summoner, began the quest for the Orb.
     0 | D:1      | Reached XP level 1. HP: 13/13 MP: 3/3
   730 | D:1      | Reached XP level 2. HP: 11/19 MP: 0/4
   961 | D:1      | Learned a level 2 spell: Call Imp
  2742 | D:2      | Reached XP level 3. HP: 24/24 MP: 0/6
  2929 | D:2      | Learned a level 3 spell: Call Canine Familiar
  3276 | D:2      | Reached skill level 4 in Summonings
  3658 | D:2      | Reached XP level 4. HP: 30/30 MP: 0/9
  4227 | D:3      | Found an opulent altar of Gozag.
  4242 | D:3      | Became a worshipper of Gozag Ym Sagoz the Greedy
  4642 | D:3      | Noticed EmilioHeskey's ghost (average DrCK)
  4854 | D:3      | Noticed a centaur
  4857 | D:3      | Shot with an arrow by a centaur

Action                   |  1- 3 |  4- 6 || total
-------------------------+-------+-------++-------
Melee: Unarmed           |    67 |       ||    67
       Dagger            |    19 |       ||    19
       Long sword        |    19 |    22 ||    41
Throw: Stone             |     9 |       ||     9
 Cast: Summon Small Mamm |    27 |       ||    27
       Call Imp          |    42 |     4 ||    46
       Call Canine Famil |    13 |    17 ||    30
Invok: Potion Petition   |       |     1 ||     1
 Stab: Distracted        |     1 |       ||     1
